 Dungeon Crawl Stone Soup version 0.28-a0-32-g8dfe7f97f6 (webtiles) character file.

Game seed: 14165467702546979586

107 sanka the Changer (level 4, 0/31 HPs)
             Began as a Vampire Transmuter on July 27, 2021.
             Succumbed to an adder's poison
             ... on level 2 of the Dungeon.
             The game lasted 00:02:52 (1558 turns).

sanka the Changer (Vampire Transmuter)              Turns: 1558, Time: 00:02:52

Health: 0/31       AC:  2    Str:  9    XL:     4   Next: 56%
Magic:  7/7        EV: 12    Int: 15    God:
Gold:   53         SH:  0    Dex: 15    Spells: 1/7 levels left

rFire   . . .      SeeInvis +     - Unarmed
rCold   . . .      Faith    .   (no shield)
rNeg    . . .      Spirit   .   a - +0 robe
rPois   .          Reflect  .   (no helmet)
rElec   .          Harm     .   (no cloak)
rCorr   .          Rampage  .   (no gloves)
Will    .....                   (no boots)
Stlth   +.........              (no amulet)
HPRegen 0.30/turn               (no ring)
MPRegen 0.10/turn               (no ring)

@: lethally poisoned (0 -> -12), healing quickly
A: alive, fangs 3, see invisible, vampiric 2
a: Exsanguinate


You were on level 2 of the Dungeon.
You visited 1 branch of the dungeon, and saw 2 of its levels.

You collected 53 gold pieces.


Innate Abilities, Weirdness & Mutations

Your natural rate of healing is accelerated.
You have razor-sharp teeth.
You have supernaturally acute eyesight. (SInv)
You are afflicted with vampirism and can become a bat while bloodless.


   Skills:
 - Level 0.8 Fighting
 - Level 2.1 Dodging
 - Level 3.2 Unarmed Combat
 - Level 2.0 Spellcasting
 + Level 4.0 Transmutations
 + Level 2.6 Poison Magic


You had one spell level left.
You knew the following spells:

 Your Spells              Type           Power      Damage    Failure   Level
x - Beastly Appendage     Tmut           26%        N/A       4%          1
y - Wereblood             Tmut           13%        N/A       6%          2
z - Spider Form           Tmut/Pois      5%         N/A       17%         3

Your spell library contained the following spells:

 Spells                   Type           Power      Damage    Failure   Level
 Ozocubu's Armour         Ice            1%         N/A       54%         3
 Ice Form                 Ice/Tmut       7%         N/A       67%         4
 Metabolic Englaciation   Hex/Ice        0%         N/A       99%         5
 Simulacrum               Ice/Necr       0%         N/A       100%        6

Inventory:

Armour
 a - a +0 robe (worn)
Scrolls
 c - a scroll of identify {unknown}
Potions
 b - a potion of mutation {unknown}

Dungeon Overview and Level Annotations

Branches:
Dungeon (2/15)

Altars:

.▒ .▒ .▒▒ .▒▒
..▒ ..+ ...
▒▒▒ ... .
▒▒▒.▒▒▒.▒
.....▒.▒ ▒
▒S.....▒ ▒+▒
▒.▒V.▒.▒ ▒ ▒.▒
▒.▒..▒.▒ ▒
▒▒▒▒.▒
▒......▒▒▒▒▒
▒▒▒▒....▒▒
▒▒▒.........
.....▒...▒▒
▒.▒▒▒▒▒▒▒▒
▒▒▒▒......▒
▒†▒ ▒ ▒▒....▒▒
▒.▒
▒.▒.▒▒▒▒▒▒▒▒.▒
▒............▒


You could see an adder.


Message History

The adder bites you.
* * * LOW HITPOINT WARNING * * *
You are more poisoned.
The adder poisons you!
You barely miss the adder.
The adder is heavily wounded.
You feel sick. The adder closely misses you.
Your magical contamination has completely faded away.
Unknown command.
You hit the adder.
The adder is almost dead.
You feel sick. The adder bites you.
* * * LOW HITPOINT WARNING * * *
The adder bites you.
* * * LOW HITPOINT WARNING * * *
You are lethally poisoned!
The adder poisons you!
You hit the adder but do no damage.
The adder is almost dead.
* * * LOW HITPOINT WARNING * * *
You feel sick. The adder bites you.
* * * LOW HITPOINT WARNING * * *
You are more poisoned.
The adder poisons you!
You closely miss the adder.
The adder is almost dead.
You die...

Action                   |  1- 3 |  4- 6 || total
-------------------------+-------+-------++-------
Melee: Unarmed           |   126 |    22 ||   148
       Bite              |    15 |     1 ||    16
       Punch             |     1 |       ||     1
 Cast: Spider Form       |     2 |     1 ||     3
 Stab: Sleeping          |     3 |       ||     3
Armor: Robe              |    24 |     3 ||    27
Dodge: Dodged            |    90 |    11 ||   101

Levels and vault maps discovered:
D:1:      mushboom_english_gardens, layout_basic
D:2:      layout_loops_corners, shapermc_ecumenical_altar_flowoftime,
          grunt_ministairs_3

Notes
Turn   | Place    | Note
-------+----------+-------------------------------------------
     0 | D:1      | sanka the Vampire Transmuter began the quest for the Orb.
     0 | D:1      | Reached XP level 1. HP: 14/14 MP: 3/3
   207 | D:1      | Reached XP level 2. HP: 20/20 MP: 5/5
   221 | D:1      | Learned a level 2 spell: Wereblood
   249 | D:1      | Reached skill level 1 in Poison Magic
   399 | D:1      | Reached skill level 3 in Transmutations
   511 | D:1      | Gained mutation: You are afflicted with vampirism and can
                  | become a bat while bloodless. [Vampire growth]
   511 | D:1      | Reached XP level 3. HP: 9/25 MP: 6/6
   614 | D:1      | Learned a level 3 spell: Spider Form
  1235 | D:2      | Reached skill level 2 in Poison Magic
  1241 | D:2      | HP: 1/25 [gnoll (11)]
  1243 | D:2      | Reached XP level 4. HP: 1/31 MP: 4/7
  1472 | D:2      | Reached skill level 4 in Transmutations
  1557 | D:2      | HP: 3/31 [adder (3)]
  1558 | D:2      | Succumbed to an adder's poison

Vanquished Creatures
  A hound (D:2)
  3 gnolls (D:2)
  3 dart slugs (D:1)
  3 ball pythons (D:1)
  2 bats (D:1)
  3 endoplasms (D:1)
  4 giant cockroaches (D:1)
  2 goblins (D:1)
  6 hobgoblins
  A kobold (D:1)
  3 quokkas
  4 frilled lizards (D:1)
  5 rats
40 creatures vanquished.
